 Dungeon Crawl Stone Soup version 0.30-a0-723-gc1506a1cf0 (webtiles) character file.

Game seed: 28334956913934227

9696 karrick the Cleaver (level 11, -14/71 HPs)
             Began as a Gargoyle Fighter on Jan 29, 2023.
             Was an Elder of Okawaru.
             Demolished by Snorg (15 damage)
             ... on level 11 of the Dungeon.
             The game lasted 00:23:53 (9956 turns).

karrick the Cleaver (Gargoyle Fighter)              Turns: 9956, Time: 00:23:54

Health: -14/71     AC: 25    Str: 20    XL:     11   Next: 50%
Magic:  10/11      EV: 10    Int:  9    God:    Okawaru [****..]
Gold:   269        SH:  6    Dex: 19    Spells: 10/10 levels left

rFire   . . .      SeeInvis .    N - +3 war axe
rCold   . . .      Faith    .    c - +0 buckler
rNeg    + . .      Spirit   .    x - +2 ring mail {rPois}
rPois   ∞          Reflect  .    (no helmet)
rElec   +          Harm     .    I - +0 cloak
rCorr   .          Rampage  .    (no gloves)
Will    .....                    Q - +2 pair of boots
Stlth   ++                       (no amulet)
HPRegen 0.31/turn                n - +4 ring of protection
MPRegen 0.12/turn                T - +6 ring of dexterity

@: no status effects
A: sickness immunity, AC +8, negative energy resistance 1, electricity
resistance, torment resistance 1, petrification resistance
a: Renounce Religion, Heroism, Finesse


You were on level 11 of the Dungeon.
You worshipped Okawaru.
Okawaru was greatly pleased with you.
You visited 2 branches of the dungeon, and saw 12 of its levels.
You also visited: Bailey.

You collected 783 gold pieces.
You spent 514 gold pieces at shops.

Inventory:

Hand Weapons
 a - a +1 hammer of protection
 H - a +0 heavy war axe
 M - a +2 hand axe of electrocution
 N - a +3 war axe (weapon)
 P - the +1 flail "Xocifar" {vamp, Fly rCorr Stlth+}
   (You found it in a bailey)

   Fly:       It grants you flight.
   rCorr:     It protects you from acid and corrosion.
   Stlth:     It makes you more stealthy.
 S - the +0 battleaxe of the Invisible Bones {flame, Str+7 Int-2}
   (You found it on level 9 of the Dungeon)

   Str:       It affects your strength (+7).
   Int:       It affects your intelligence (-2).
Missiles
 f - 4 boomerangs of dispersal (quivered)
 z - 12 boomerangs
Armour
 b - a +0 scale mail
 c - a +0 buckler (worn)
 m - a +0 helmet
 x - a +2 ring mail of poison resistance (worn)
 I - a +0 cloak (worn)
 Q - a +2 pair of boots (worn)
 R - a scarf of invisibility
Jewellery
 j - an amulet of magic regeneration
 n - a +4 ring of protection (left hand)
 T - a +6 ring of dexterity (right hand)
 U - a ring of protection from fire
Wands
 d - a wand of light (4)
 v - a wand of flame (11)
 C - a wand of roots (11)
 K - a wand of digging (5)
Scrolls
 g - 4 scrolls of blinking
 l - a scroll of amnesia {unknown}
 o - 2 scrolls of teleportation
 p - 3 scrolls of vulnerability
 r - 2 scrolls of poison
 s - 3 scrolls of immolation
 t - 3 scrolls of enchant armour
 u - a scroll of silence {unknown}
 y - a scroll of brand weapon {unknown}
 E - 2 scrolls of magic mapping
 F - a scroll of acquirement {unknown}
 O - 2 scrolls of enchant weapon {unknown}
Potions
 e - 2 potions of attraction {unknown}
 h - a potion of flight {unknown}
 i - 3 potions of degeneration {unknown}
 k - 4 potions of curing {unknown}
 w - 3 potions of lignification {unknown}
 A - a potion of resistance {unknown}
 B - 4 potions of invisibility {unknown}
 D - a potion of brilliance {unknown}
 G - 2 potions of haste {unknown}
 J - 3 potions of magic {unknown}
 L - 3 potions of ambrosia {unknown}
 V - a potion of might


   Skills:
 + Level 9.2 Fighting
 + Level 12.0 Axes
 + Level 1.8(8.6) Maces & Flails
 + Level 7.3 Armour
 + Level 3.2 Stealth
 + Level 7.5 Shields
 + Level 0.3 Unarmed Combat
 + Level 0.6 Invocations


You had 10 spell levels left.
You didn't know any spells.
Your spell library contained the following spells:

 Spells                   Type           Power      Damage    Failure   Level
 Slow                     Hex            0%         N/A       63%         1
 Confusing Touch          Hex            0%         N/A       94%         3
 Vampiric Draining        Necr           0%         2d6       94%         3


Dungeon Overview and Level Annotations

Branches:
Dungeon (11/15)            Temple (1/1) D:5            Lair (0/5) D:8
 Bailey (visited)
    Orc: D:9-12

Altars:
Dithmenos
Elyvilon
Fedhas
Gozag
Hepliaklqana
Kikubaaqudgha
Makhleb
Nemelex Xobeh
Okawaru
Qazlal
Ru
Sif Muna
Trog
Uskayaw
Vehumet
Wu Jian
Xom
Yredelemnul
Zin
The Shining One

Shops:
D:1 :   D:2 (   D:6 *   D:9 [

Annotations:
D:9 3 runed translucent doors, NinjaNoafa's ghost, journeyman HOFi
D:10 Amaemon
D:11 Harold; Snorg


Innate Abilities, Weirdness & Mutations

You are immune to sickness and miasma.
Your stone body is resilient. (AC +8)
You are immune to poison.
You resist negative energy. (rN+)
You are resistant to electric shocks. (rElec)
You are resistant to unholy torment.
You are immune to petrification.


Message History

Snorg completely misses you.
You slice Snorg!!
Snorg is heavily wounded.
Snorg closely misses you. Snorg claws you but does no damage.
Snorg closely misses you.
You slice Snorg!!
Snorg is heavily wounded.
You block Snorg's attack. Snorg claws you but does no damage. x2
You slice Snorg!!
Snorg is severely wounded.
Snorg barely misses you. Snorg closely misses you. You block Snorg's attack.
You hit Snorg.
Snorg is severely wounded.
Snorg barely misses you. x2; Snorg claws you but does no damage.
You hit Snorg.
Snorg is severely wounded.
You block Snorg's attack. x2; Snorg claws you but does no damage.
You barely miss Snorg.
Snorg is severely wounded.
You block Snorg's attack. Snorg claws you. Snorg claws you!
You slice Snorg!!
Snorg is almost dead.
Snorg barely misses you. You block Snorg's attack.
Snorg claws you but does no damage.
You slash Snorg!
Snorg is almost dead.
You feel like a meek peon again. Snorg bites you but does no damage.
Snorg claws you but does no damage. x2
You slash Snorg!
Snorg is almost dead.
Snorg bites you.
Snorg claws you but does no damage. x2; Snorg bites you!!
* * * LOW HITPOINT WARNING * * *
Snorg claws you but does no damage. Snorg misses you.
Okay, then.
You closely miss Snorg.
Snorg is almost dead.
Snorg bites you!
* * * LOW HITPOINT WARNING * * *
Snorg claws you!
You die...

###.......## .###
#........####........
###......#.......... ...
###).....#............
##................<. [.@.
##................ ...##.
##..#.##..###..####......
##...#..................
#....<@T...........#...
##....##...###.........
#####....### #........
#...#...###........
##.#...........#...
###.##.#..........
######........##
.....##^## ##...## ##


You could see Snorg (berserk).

Vanquished Creatures
  A catoblepas (D:10)
  2 two-headed ogres
  Pikel (D:5)
  Psyche (D:10)
  A komodo dragon (D:8)
  A tengu conjurer (D:10)
  Grinder (D:5)
  Sigmund (D:2)
  3 wraiths
  4 yaks (D:8)
  A vampire (D:9)
  2 shadows
  2 wyverns (D:8)
  Grum (D:10)
  Duvessa (D:5)
  3 water moccasins
  4 black bears
  3 orc warriors (Bailey)
  An ice beast (D:6)
  An ogre (D:7)
  2 lemures (D:5)
  3 wolves
  2 centaurs
  A phantom (D:4)
  12 kobold brigands
  3 bullfrogs
  A necrophage (D:8)
  5 scorpions
  A gnoll sergeant (D:8)
  5 wights
  Dowan (D:5)
  4 killer bees (D:7)
  A howler monkey (D:5)
  A jelly (D:5)
  2 hounds
  4 orc priests
  2 gnoll boudas
  Crazy Yiuf (D:7)
  Ijyb (D:4)
  3 iguanas
  3 orc wizards
  Natasha (D:2)
  Robin (D:2)
  7 adders
  14 gnolls
  4 white imps
  An ufetubus (D:5)
  A worm (D:3)
  2 dart slugs
  31 orcs
  8 ball pythons
  5 bats
  8 endoplasms
  3 giant cockroaches
  13 goblins
  8 hobgoblins
  12 jackals
  6 quokkas
  3 frilled lizards
  39 kobolds
  4 rats
264 creatures vanquished.

Vanquished Creatures (others)
  6 plants (D:8)
6 creatures vanquished.

Grand Total: 270 creatures vanquished

Notes
Turn   | Place    | Note
-------+----------+-------------------------------------------
     0 | D:1      | karrick the Gargoyle Fighter began the quest for the Orb.
     0 | D:1      | Reached XP level 1. HP: 14/14 MP: 1/1
   104 | D:1      | Reached XP level 2. HP: 14/19 MP: 2/2
   287 | D:1      | Found Moypeoh's Book Shop.
   417 | D:1      | Reached skill level 2 in Axes
   646 | D:2      | Reached XP level 3. HP: 17/24 MP: 3/3
   650 | D:2      | Found Yrudeash's Weapon Emporium.
   848 | D:2      | Noticed Sigmund
   866 | D:2      | Killed Sigmund
   867 | D:2      | Reached skill level 3 in Axes
   867 | D:2      | Reached XP level 4. HP: 17/29 MP: 4/4
   867 | D:2      | Reached XP level 5. HP: 20/33 MP: 5/5
   985 | D:2      | Noticed Robin
   989 | D:2      | Reached skill level 4 in Axes
  1004 | D:2      | Reached XP level 6. HP: 33/38 MP: 6/6
  1022 | D:2      | Killed Robin
  1321 | D:2      | Noticed Natasha
  1329 | D:2      | Killed Natasha
  2399 | D:4      | Reached skill level 5 in Axes
  2399 | D:4      | Reached XP level 7. HP: 35/44 MP: 7/7
  2516 | D:4      | Noticed Ijyb
  2532 | D:4      | Killed Ijyb
  3062 | D:5      | Entered Level 5 of the Dungeon
  3063 | D:5      | Noticed Pikel
  3074 | D:5      | Reached skill level 5 in Fighting
  3100 | D:5      | Killed Pikel
  3101 | D:5      | Reached skill level 6 in Axes
  3101 | D:5      | Reached skill level 5 in Armour
  3101 | D:5      | Reached XP level 8. HP: 16/50 MP: 8/8
  3103 | D:5      | Reached skill level 7 in Axes
  3254 | D:5      | Found a staircase to the Ecumenical Temple.
  3286 | Temple   | Entered the Ecumenical Temple
  3437 | Temple   | Became a worshipper of Warmaster Okawaru
  3906 | D:5      | Noticed Duvessa
  3906 | D:5      | Noticed Dowan
  3921 | D:5      | Killed Duvessa
  3928 | D:5      | Killed Dowan
  3929 | D:5      | Reached skill level 8 in Axes
  4135 | D:5      | Noticed Grinder
  4143 | D:5      | Paralysed by Grinder for 5 turns
  4153 | D:5      | Killed Grinder
  4153 | D:5      | Reached * piety under Okawaru
  4154 | D:5      | Reached skill level 1 in Stealth
  4154 | D:5      | Reached skill level 5 in Shields
  4154 | D:5      | Reached XP level 9. HP: 42/55 MP: 9/9
  4835 | D:6      | Found Yrusarol's General Store.
  4843 | D:6      | Bought a potion of heal wounds for 65 gold pieces
  5254 | D:6      | Reached ** piety under Okawaru
  5291 | D:6      | Reached skill level 9 in Axes
  5847 | D:6      | You fall into a shaft and drop 1 floor!
  6183 | D:7      | Reached XP level 10. HP: 41/63 MP: 10/10
  6488 | D:7      | Reached *** piety under Okawaru
  6761 | D:7      | Found a runed translucent door.
  6762 | D:7      | Noticed Crazy Yiuf
  6876 | D:7      | Killed Crazy Yiuf
  7123 | D:8      | Reached skill level 10 in Axes
  7764 | D:8      | Found a staircase to the Lair.
  7998 | D:8      | Reached **** piety under Okawaru
  8195 | D:8      | Found an ancient bone altar of Kikubaaqudgha.
  8195 | D:8      | Found a hazy altar of Hepliaklqana.
  8361 | D:9      | Found a flagged portal.
  8369 | Bailey   | Entered a bailey
  8490 | Bailey   | Reached skill level 11 in Axes
  8698 | Bailey   | Found an iron altar of Okawaru.
  8704 | Bailey   | Identified the +1 flail "Xocifar" {vamp, Fly rCorr Stlth+}
  8800 | D:9      | Found Rilujauh's Antique Armour Shop.
  8913 | D:9      | Bought a pair of runed boots for 217 gold pieces
  8913 | D:9      | Bought an embroidered scarf for 232 gold pieces
  8924 | D:9      | Identified the +0 battleaxe of the Invisible Bones {flame,
                  | Str+7 Int-2}
  8977 | D:9      | Found a runed translucent gate.
  8977 | D:9      | Found a runed translucent gate.
  8978 | D:9      | Found a runed translucent gate.
  8978 | D:9      | Noticed NinjaNoafa's ghost (journeyman HOFi)
  8982 | D:9      | Noticed an orc knight
  8984 | D:9      | Noticed a two-headed ogre
  9017 | D:9      | Noticed a two-headed ogre
  9030 | D:9      | Killed a two-headed ogre
  9031 | D:9      | Reached skill level 1 in Maces & Flails
  9031 | D:9      | Reached XP level 11. HP: 69/69 MP: 8/11
  9417 | D:9      | Noticed a lindwurm
  9417 | D:9      | a lindwurm changed into a death drake
  9417 | D:9      | Noticed a death drake (shapeshifter)
  9437 | D:10     | Entered Level 10 of the Dungeon
  9449 | D:10     | Noticed a catoblepas
  9486 | D:10     | Killed a catoblepas
  9609 | D:10     | Noticed Amaemon
  9667 | D:11     | Noticed Grum
  9816 | D:11     | Noticed Psyche
  9827 | D:10     | Killed Grum
  9837 | D:10     | Killed Psyche
  9858 | D:11     | Noticed a two-headed ogre
  9865 | D:11     | Killed a two-headed ogre
  9866 | D:11     | Reached skill level 12 in Axes
  9927 | D:11     | Noticed Snorg
  9929 | D:11     | Noticed Harold
  9956 | D:11     | HP: 1/71 [Snorg (9)]
  9956 | D:11     | Demolished by Snorg

Illustrated notes

Levels and vault maps discovered:
D:1:      lightli_arrival_maybe_door_vault, layout_basic, serial_shops,
          nicolae_shop_temple_entry_statues_fountains,
          nicolae_figureground_sparkle
D:2:      minmay_door_path, layout_basic, serial_shops, nicolae_square_shop,
          kennysheep_crisscross, uniq_natasha, uniq_robin, uniq_sigmund
D:3:      layout_loops_cross
D:4:      minmay_general_purpose_star, layout_cave_pools, uniq_ijyb
D:5:      layout_basic, minmay_temple_entry_glass, kennysheep_generic_room_13,
          uniq_duvessa, uniq_pikel, uniq_grinder
D:6:      layout_layer_cave, serial_shops, nicolae_square_shop
D:7:      minmay_angry_zag, layout_basic, minmay_misc_feat_iff,
          uniq_crazy_yiuf_cottage
D:8:      layout_cave_pools, gammafunk_temple_overflow_wave, david_lair_shrubbed
D:9:      layout_cave_pools, serial_shops, shop, enter_bailey_2,
          gammafunk_ghost_split
D:10:     minmay_diamond_stairs, layout_irregular_city, jmf_multi_god_temple2,
          uniq_amaemon
D:11:     layout_cave_pools, tso_metal_star, uniq_psyche, uniq_grum, uniq_snorg,
          uniq_harold
Temple:   dpeg_three_leaves_temple

Skill      XL: |  1  2  3  4  5  6  7  8  9 10 11 |
---------------+----------------------------------+-----
Axes           | 2 3 4 5 6 8 9 11 12 | 12.0
Fighting       | 4 5 6 7 8 9 |  9.2
Armour         | 4 5 6 7 |  7.3
Shields        | 4 5 6 7 |  7.5
Stealth        | 1 3 |  3.2
Maces & Flails | 1 |  1.8
Unarmed Combat | |  0.3
Invocations    | |  0.6

Action                     |  1- 3 |  4- 6 |  7- 9 | 10-12 || total
---------------------------+-------+-------+-------+-------++-------
  Melee: War axe           |    94 |   162 |   378 |   244 ||   878
         Hand axe          |       |       |       |    74 ||    74
         Flail             |       |       |       |    27 ||    27
         Unarmed           |       |       |       |     9 ||     9
 Invoke: Heroism           |       |       |       |     7 ||     7
    Use: Potion            |     1 |       |     3 |     2 ||     6
         Scroll            |       |       |       |     7 ||     7
   Stab: Petrified         |       |       |       |     5 ||     5
 Armour: Scale mail        |    58 |    85 |    19 |       ||   162
         Ring mail         |       |       |   241 |   233 ||   474
         Skin              |       |       |       |     2 ||     2
  Dodge: Dodged            |    48 |    88 |   169 |   179 ||   484
  Block: Buckler           |    27 |    37 |   104 |   126 ||   294

Table legend: (Time is in decaauts)
 A = Elapsed time spent in this place.
 B = Non-inter-level travel time spent in this place.
 C = Inter-level travel time spent in this place.
 D = Time resting spent in this place.
 E = Time spent auto-exploring this place.
 F = Levels seen in this place.
 G = Mean time per level.
                   A        B        C        D        E       F      G
               +--------+--------+--------+--------+--------+-----+--------+
         Total |  10157 |   9832 |    325 |    306 |   7322 |  13 |  781.3 |
       Dungeon |   9652 |   9332 |    320 |    246 |   7189 |  11 |  877.5 |
        Temple |    157 |    152 |      5 |      0 |    133 |   1 |  157.0 |
        Bailey |    347 |    347 |      0 |     60 |      0 |   1 |  347.0 |
               +--------+--------+--------+--------+--------+-----+--------+

Top non-repeatable levels by time:
     D:5: 1493 daAuts
     D:6: 1334 daAuts
     D:7: 1259 daAuts
     D:8: 1140 daAuts
     D:2: 1091 daAuts
     D:9: 781 daAuts
     D:3: 776 daAuts
     D:4: 700 daAuts
     D:1: 610 daAuts
  Bailey: 347 daAuts
    D:10: 328 daAuts
  Temple: 157 daAuts
    D:11: 136 daAuts
